 Dungeon Crawl Stone Soup version 0.30.1-11-g7821555f0a (webtiles) character file.

Game seed: 11360184521737644064

224 Kallu the Gusty (level 6, 0/62 HPs)
             Began as an Ogre Air Elementalist on Jan 3, 2024.
             Slain by an ogre
             ... wielding a +0 giant club
              (12 damage)
             ... on level 4 of the Dungeon.
             The game lasted 00:04:54 (2249 turns).

Kallu the Gusty (Ogre Air Elementalist)             Turns: 2249, Time: 00:04:54

Health: 0/62       AC:  3    Str: 13    XL:     6   Next: 0%
Magic:  10/10      EV:  9    Int: 18    God:
Gold:   129        SH:  0    Dex:  9    Spells: 3/11 levels left

rFire   . . .        f - +2 dagger (drain)
rCold   . . .        (no shield)
rNeg    . . .        a - +0 robe
rPois   .            (helmet restricted)
rElec   .            (no cloak)
rCorr   .            (gloves unavailable)
SInv    .            (boots unavailable)
Will    .....        d - amulet of magic regeneration
Stlth   +            (no ring)
HPRegen 0.30/turn    (no ring)
MPRegen 0.52/turn

%: no passive effects
@: sluggish, very slow
A: large, unfitting armour, tough skin 1
a: no special abilities


You were on level 4 of the Dungeon.
You visited 1 branch of the dungeon, and saw 4 of its levels.

You collected 129 gold pieces.

Inventory:

Hand Weapons
 f - a +2 dagger of draining (weapon)
Missiles
 m - 2 poisoned darts
Armour
 a - a +0 robe (worn)
Jewellery
 d - an amulet of magic regeneration (around neck)
Scrolls
 c - 6 scrolls of identify {unknown}
 e - a scroll of enchant weapon {unknown}
 g - a scroll of magic mapping {unknown}
 h - a scroll of brand weapon {unknown}
 k - a scroll of teleportation {unknown}
 l - a scroll of amnesia {unknown}
 o - a scroll of fog {unknown}
Potions
 b - a potion of magic
 i - a potion of haste {unknown}
 j - a potion of mutation {unknown}
 n - a potion of experience {unknown}
 p - a potion of curing {unknown}
 q - a potion of brilliance {unknown}


   Skills:
 - Level 4.0 Fighting
 - Level 1.7 Dodging
 - Level 1.4 Stealth
 + Level 3.0 Spellcasting
 - Level 0.8 Conjurations
 + Level 4.8 Air Magic


You had 3 spell levels left.
You knew the following spells:

 Your Spells              Type           Power      Damage    Failure   Level
a - Shock                 Conj/Air       52%        1d6       4%          1
b - Swiftness             Air            20%        N/A       7%          3
c - Airstrike             Air            10%        2d(2-18)  22%         4

Your spell library contained the following spells:

 Spells                   Type           Power      Damage    Failure   Level
 Static Discharge         Conj/Air       26%        2-4/arc   8%          2
 Vhi's Electric Charge    Tloc/Air       22%        N/A       19%         3
 Dazzling Flash           Conj/Hex       8%         N/A       38%         3
 Ozocubu's Armour         Ice            2%         N/A       43%         3
 Volatile Blastmotes      Fire/Tloc      4%         2d10      43%         3
 Iskenderun's Mystic Bla  Conj/Tloc      4%         2d3       80%         4
 Arcjolt                  Conj/Air       6%         1d16      80%         5
 Metabolic Englaciation   Hex/Ice        1%         N/A       99%         5
 Plasma Beam              Fire/Air       5%         2x1d17    100%        6
 Simulacrum               Ice/Necr       1%         N/A       100%        6
 Starburst                Conj/Fire      2%         6d3       100%        6


Dungeon Overview and Level Annotations

Branches:
Dungeon (4/15)
 Temple: D:4-7

Altars:


Innate Abilities, Weirdness & Mutations

You are too large for most types of armour.
You have tough skin. (AC +1)


Message History

Orders for allies: a - Attack new target. r - Retreat! s - Stop attacking. g - Guard the area. f - Follow me.
Anything else - Cancel.
You shout for attention!
The ogre shouts!
The zap hits the ogre.
The ogre is moderately wounded.
Casting: Shock (safe; 4% risk of failure)
Confirm with . or Enter, or press ? or * to list all spells.
You feel quick.
The zap hits the ogre.
The ogre is heavily wounded.
Throw: 3 darts (poison)
Press: ? - help, Shift-Dir - straight line, f/p - ogre
Aim: an ogre, wielding a +0 giant club (heavily wounded, 72% to hit)
You throw a poisoned dart. The poisoned dart hits the ogre.
The ogre is heavily wounded.
Unknown command.
You barely miss the ogre.
The ogre is heavily wounded.
You start to feel a little slower.
The ogre barely misses you.
You hit the ogre. You drain the ogre.
The ogre is severely wounded.
The ogre hits you with a +0 giant club!!
The zap hits the ogre.
The ogre is severely wounded.
You feel sluggish.
You hit the ogre. You punch the ogre.
The ogre is severely wounded.
The ogre hits you with a +0 giant club!!
Ouch! That really hurt!
* * * LOW HITPOINT WARNING * * *
You hit the ogre but do no damage.
The ogre is severely wounded.
You hit the ogre. You drain the ogre.
The ogre is almost dead.
The ogre hits you with a +0 giant club!
You die...

#...............)..)...#
####################[..####
#..............
#.###.......##. #.#
#...)...#.. #.# #.......#..
#.# #.....#.##.
#######.###..........
#..O@...#............
#########.#######............
#...(......# .........#...#
##.######..# ####...........
#.# #..# #....###...# #.#
#### #....# #...# #.# ######
#.... #...# #.###....# #....
#...# #........# #### #...#


You could see an ogre (very drained).

Vanquished Creatures
  2 hounds (D:3)
  2 iguanas (D:4)
  Jessica (D:3)
  An adder (D:3)
  A gnoll (D:3)
  2 ufetubi (D:4)
  2 worms
  3 dart slugs
  3 orcs (D:4)
  2 endoplasms
  4 goblins
  5 hobgoblins
  4 jackals (D:3)
  4 kobolds
  A quokka (D:4)
  3 ball pythons
  2 bats (D:1)
  2 rats
44 creatures vanquished.

Notes
Turn   | Place    | Note
-------+----------+-------------------------------------------
     0 | D:1      | Kallu the Ogre Air Elementalist began the quest for the
                  | Orb.
     0 | D:1      | Reached XP level 1. HP: 16/16 MP: 3/3
   307 | D:1      | Reached XP level 2. HP: 24/24 MP: 3/5
   802 | D:2      | You fall into a shaft and drop 2 floors!
   837 | D:4      | Reached skill level 1 in Fighting
   843 | D:4      | Reached XP level 3. HP: 28/33 MP: 4/6
   859 | D:4      | Learned a level 3 spell: Swiftness
   996 | D:4      | Noticed an ogre
  1186 | D:3      | Reached XP level 4. HP: 41/44 MP: 5/7
  1311 | D:3      | Noticed Jessica
  1318 | D:3      | Killed Jessica
  1444 | D:3      | Reached XP level 5. HP: 34/54 MP: 5/8
  1526 | D:3      | Learned a level 4 spell: Airstrike
  2131 | D:4      | Reached XP level 6. HP: 62/62 MP: 6/10
  2249 | D:4      | Slain by an ogre

Illustrated notes

Levels and vault maps discovered:
D:1:      wheals_arrival_shading, layout_basic
D:2:      layout_rooms, hellmonk_ecumenical_altar_leap_of_faith
D:3:      layout_basic, cheibrodos_gnoll_hut, uniq_jessica
D:4:      layout_basic, nicolae_sif_muna_condensation, kennysheep_windowed_goal

Skill      XL: |  1  2  3  4  5 |
---------------+----------------+-----
Air Magic      | 3 4 |  4.8
Fighting       | 1 2 3 4 |  4.0
Spellcasting   | 3 |  3.0
Dodging        | |  1.7
Stealth        | |  1.4
Conjurations   | |  0.8

Action                     |  1- 3 |  4- 6 || total
---------------------------+-------+-------++-------
  Melee: Unarmed           |    33 |       ||    33
         Dagger            |    29 |    16 ||    45
         Punch             |       |     1 ||     1
  Throw: Dart              |       |     1 ||     1
   Cast: Shock             |    69 |    44 ||   113
         Swiftness         |       |     3 ||     3
         Airstrike         |       |     1 ||     1
 Armour: Robe              |    30 |    10 ||    40
  Dodge: Dodged            |    60 |    22 ||    82
